 Seeded DCSS version 0.28-a0-794-gafe8c5f9e9 (webtiles) character file.

Game seed: 20211106 (custom seed)

101 a11behringer the Gusty (level 4, -2/24 HPs)
             Began as a Tengu Air Elementalist on Nov 6, 2021.
             Killed from afar by a steam dragon (18 damage)
             ... with a ball of steam
             ... on level 3 of the Dungeon.
             The game lasted 00:12:10 (3226 turns).

a11behringer the Gusty (Tengu Air Elementalist)     Turns: 3226, Time: 00:12:10

Health: -2/24      AC:  2    Str:  9    XL:     4   Next: 75%
Magic:  3/9        EV: 12    Int: 16    God:
Gold:   202        SH:  5    Dex: 14    Spells: 2/8 levels left

rFire   . . .      SeeInvis .   d - +0 whip
rCold   . . .      Faith    .   (no shield)
rNeg    . . .      Spirit   .   a - +0 robe
rPois   .          Reflect  +   (helmet restricted)
rElec   .          Harm     .   (no cloak)
rCorr   .          Rampage  .   (no gloves)
Will    .....                   (boots unavailable)
Stlth   ++........              f - amulet of reflection
HPRegen 0.08/turn               (no ring)
MPRegen 0.11/turn               (no ring)

@: sluggish, very slow
A: beak, talons 3
a: no special abilities


You were on level 3 of the Dungeon.
You visited 1 branch of the dungeon, and saw 3 of its levels.

You collected 202 gold pieces.

Inventory:

Hand Weapons
 b - a +0 mace
 d - a +0 whip (weapon)
Missiles
 e - 3 silver javelins
Armour
 a - a +0 robe (worn)
Jewellery
 f - an amulet of reflection (around neck)
 l - a ring of ice
 n - an amulet of regeneration
Scrolls
 c - 2 scrolls of immolation {unknown}
 h - a scroll of acquirement {unknown}
 i - 2 scrolls of identify {unknown}
 k - a scroll of fog {unknown}
 m - a scroll of enchant armour {unknown}
Potions
 g - a potion of berserk rage {unknown}
 j - a potion of lignification {unknown}


   Skills:
 + Level 0.4 Fighting
 + Level 0.5 Maces & Flails
 + Level 2.5 Dodging
 + Level 2.0 Stealth
 + Level 0.8 Shields
 + Level 2.7 Spellcasting
 + Level 2.0 Conjurations
 * Level 5.5 Air Magic


You had 2 spell levels left.
You knew the following spells:

 Your Spells              Type           Power      Damage    Failure   Level
a - Shock                 Conj/Air       56%        1d6       4%          1
b - Swiftness             Air            19%        N/A       6%          3
c - Static Discharge      Conj/Air       14%        N/A       6%          2

Your spell library contained the following spells:

 Spells                   Type           Power      Damage    Failure   Level
 Beastly Appendage        Tmut           4%         N/A       19%         1
 Wereblood                Tmut           2%         N/A       28%         2
 Airstrike                Air            9%         N/A       21%         4
 Spider Form              Tmut/Pois      2%         N/A       50%         3


Dungeon Overview and Level Annotations

Branches:
Dungeon (3/15)

Altars:

Annotations:
D:3 1 runed translucent door, Crazy Yiuf


Innate Abilities, Weirdness & Mutations

You have a beak for a mouth.
You have claws for feet.


Message History

Found a scroll labelled LIOQIN RIHYI.
Sorry, you're not good enough to have a special ability.
Casting: Shock (safe; 4% risk of failure)
Confirm with . or Enter, or press ? or * to list all spells.
The spell is quite dangerous to cast (6% risk of failure)!
Continue anyway?
You feel quick.
A rat comes into view.
Casting: Swiftness (quite dangerous; 6% risk of failure)
Confirm with . or Enter, or press ? or * to list all spells.
Aiming: Shock (safe; 4% risk of failure)
Press: ? - help, Shift-Dir - straight line, f - steam dragon
Aim: a steam dragon (asleep, 100% to hit)
The zap hits the steam dragon.
The steam dragon is lightly wounded.
The steam dragon hisses angrily.
Casting: Shock (safe; 4% risk of failure)
Confirm with . or Enter, or press ? or * to list all spells.
You miscast Static Discharge.
You are very lightly contaminated with residual magic.
Nothing appears to happen.
The steam dragon bites you. The steam dragon misses you.
Casting: Static Discharge (safe; 6% risk of failure)
Confirm with . or Enter, or press ? or * to list all spells.
The steam dragon is struck by an arc of lightning.
The steam dragon is moderately wounded.
You are struck by an arc of lightning.
The lightning grounds out.
A quokka comes into view.
You block the steam dragon's attack. x2
The steam dragon breathes steam at you. The ball of steam hits you.
You are engulfed in a cloud of scalding steam.
You start to feel a little slower.
Your magical contamination has completely faded away.
A steam dragon is nearby!
A steam dragon is nearby!
You feel sluggish. The steam dragon breathes steam at you.
The ball of steam hits you!!
Ouch! That really hurt!
You die...

..#[##.#..###......##.#....#...#'
###.#...#..........##.######.#.#.
#.÷(##.##..........'.........#.#.
.###..##...........###.##........
#.#..#.............#.#.##.#####..
#.#.##.###.........#.#.##.# #..
#..##..# #...##......#.##.# ##.
.......###...#<........##.# #.
.........'...+..@§§....##.######.
##########...#######D.###......#.
###########..# ##.......
#.......# #.#...#. #D#####.#
#.#.#### ########.# #.####.#.####
#...§D.D.# #......#.....
#'######.# #####.<###### ..r.
###########........


There were no monsters in sight!

Vanquished Creatures
  6 adders
  A worm (D:2)
  4 dart slugs
  An orc (D:3)
  4 ball pythons
  5 endoplasms
  A giant cockroach (D:3)
  A goblin (D:1)
  3 hobgoblins (D:1)
  A quokka (D:1)
  3 bats
  4 kobolds
  4 rats
38 creatures vanquished.

Notes
Turn   | Place    | Note
-------+----------+-------------------------------------------
     0 | D:1      | a11behringer the Tengu Air Elementalist began the quest for
                  | the Orb.
     0 | D:1      | Reached XP level 1. HP: 10/10 MP: 4/4
   280 | D:1      | Reached XP level 2. HP: 9/15 MP: 0/6
   960 | D:1      | Reached XP level 3. HP: 19/19 MP: 3/7
  1037 | D:1      | You fall into a shaft and drop 1 floor!
  1045 | D:2      | Reached skill level 5 in Air Magic
  1239 | D:2      | Learned a level 3 spell: Swiftness
  1242 | D:2      | Learned a level 2 spell: Static Discharge
  1917 | D:2      | Reached XP level 4. HP: 24/24 MP: 0/8
  2099 | D:2      | Found a faded altar of an unknown god.
  2535 | D:3      | Found a runed translucent door.
  2536 | D:3      | Noticed Crazy Yiuf
  3192 | D:3      | Noticed a steam dragon
  3226 | D:3      | Killed from afar by a steam dragon

Illustrated notes

Levels and vault maps discovered:
D:1:      mushboom_english_gardens, layout_loops_ring, minmay_box_of_dots
D:2:      layout_rooms, hellmonk_ecumenical_altar_heavens_door,
          serial_park_tiny_pond
D:3:      layout_basic, mainiacjoe_overflow_big_doors, minmay_pentomino_pile,
          uniq_crazy_yiuf_cottage

Skill      XL: |  1  2  3 |
---------------+----------+-----
Air Magic      | 5 |  5.5
Conjurations   | 2 |  2.0
Fighting       | |  0.4
Maces & Flails | |  0.5
Dodging        | |  2.5
Stealth        | |  2.0
Shields        | |  0.8
Spellcasting   | |  2.7

Action                   |  1- 3 |  4- 6 || total
-------------------------+-------+-------++-------
Melee: Mace              |    15 |       ||    15
       Whip              |     5 |       ||     5
       Kick              |     3 |       ||     3
       Peck              |     2 |       ||     2
 Cast: Shock             |    67 |    18 ||    85
       Static Discharge  |       |     5 ||     5
       Swiftness         |       |     1 ||     1
 Stab: Sleeping          |     1 |       ||     1
Armor: Robe              |     6 |       ||     6
Dodge: Dodged            |    17 |     3 ||    20
Block: Other             |     2 |     2 ||     4

Table legend: (Time is in decaauts)
 A = Elapsed time spent in this place.
 B = Non-inter-level travel time spent in this place.
 C = Inter-level travel time spent in this place.
 D = Time resting spent in this place.
 E = Time spent auto-exploring this place.
 F = Levels seen in this place.
 G = Mean time per level.
                   A        B        C        D        E       F      G
               +--------+--------+--------+--------+--------+-----+--------+
         Total |   3228 |   3078 |    150 |      0 |   2818 |   3 | 1076.0 |
       Dungeon |   3228 |   3078 |    150 |      0 |   2818 |   3 | 1076.0 |
               +--------+--------+--------+--------+--------+-----+--------+

Top non-repeatable levels by time:
     D:1: 1577 daAuts
     D:3: 1007 daAuts
     D:2: 643 daAuts
